Map: Abyssal Reef LE

Players

Elazer - Winner!

  • Race: Zerg Zerg
  • League: Master
  • Spawn Location: 11:00

ByuN

  • Race: Terran Terran
  • Spawn Location: 5:00

Event: HomeStory Cup XV

VOD

Have the link to the VOD?

Description

Time

  • Played on: July 23, 2017, 1:53 p.m.
  • Length: 14:30

All games in this series

Show
View Real Time Build Order
Export as new Build Order

Elazer Zerg - Winner!

Build Orders: Hatch First 

Get SALT Encoding   

  12  0:00  Drone  
  13  0:12  Overlord  
  13  0:17  Drone  
  14  0:30  Drone x2  
  14  0:34  Drone  
  17  0:52  Hatchery  
  17  0:54  Drone  
  17  0:57  Drone  
  18  1:08  Extractor  
  17  1:12  Spawning Pool  
  17  1:15  Drone  
  17  1:19  Drone  
  18  1:27  Drone  
  19  1:41  Overlord  
  19  1:50  Drone  
  20  1:59  Queen  
  20  2:00  Zergling x2  
  23  2:04  Queen, Zergling x2  
  23  2:08  Metabolic Boost  
  26  2:11  Zergling x2  
  27  2:21  Zergling x2  
  27  2:27  Drone x2  
  29  2:33  Drone  
  29  2:35  Queen  
  32  2:40  Queen  
  32  2:44  Overlord  
  34  2:49  Drone  
  34  2:56  Drone  
  35  3:09  Zergling x14  
  35  3:11  Spore Crawler  
  41  3:14  Spore Crawler  
  41  3:21  Zergling x4  
  43  3:35  Drone  
  43  3:40  Overlord  
  43  3:50  Drone  
  43  3:55  Overlord  
  44  3:58  Queen  
  44  4:00  Drone x4  
  44  4:01  Hatchery  
  44  4:02  Drone  
  50  4:05  Drone  
  50  4:07  Drone  
  51  4:13  Drone  
  51  4:14  Drone x2  
  51  4:22  Evolution Chamber, Drone x2  
  51  4:24  Drone  
  53  4:28  Zergling x2  
  53  4:29  Zergling x4  
  57  4:31  Zergling x2  
  57  4:33  Zergling x2  
  57  4:38  Queen  
  60  4:43  Overlord  
  60  4:52  Zerg Ground Armor Level 1  
  60  4:54  Overlord  
  60  5:07  Drone x2  
  60  5:08  Drone x6  
  60  5:13  Drone x2  
  70  5:15  Drone  
  70  5:19  Drone  
  72  5:21  Extractor  
  72  5:26  Overlord  
  72  5:27  Zergling x8  
  75  5:30  Overlord  
  75  5:36  Drone  
  75  5:38  Zergling x2  
  77  5:43  Overlord  
  77  5:45  Drone x3  
  77  5:47  Drone  
  81  5:50  Overlord  
  81  5:51  Zergling x6  
  84  5:58  Zergling x2  
  84  5:59  Zergling x2  
  84  6:02  Zergling x4  
  84  6:03  Queen, Zergling x2  
  91  6:06  Overlord  
  91  6:09  Lair  
  91  6:10  Drone  
  90  6:11  Hatchery  
  90  6:13  Baneling Nest  
  87  6:23  Zergling x10  
  87  6:24  Zergling x2  
  87  6:25  Drone  
  92  6:28  Zergling x6  
  92  6:32  Overlord  
  91  6:40  Hatchery, Zergling x8  
  91  6:45  Zergling x8  
  94  6:49  Zerg Melee Weapons Level 1  
  90  6:55  Zergling x2  
  90  6:56  Zergling x4  
  93  7:02  Baneling x2  
  93  7:07  Zergling x4  
  93  7:10  Zergling x10  
  90  7:16  Zergling x2  
  90  7:17  Zergling x8  
  89  7:23  Zergling x4  
  89  7:27  Zergling x2  
  84  7:33  Drone x3  
  87  7:38  Centrifical Hooks  
  87  7:43  Extractor, Drone  
  87  7:44  Drone x4  
  89  7:45  Drone x2  
  89  7:50  Baneling x2  
  93  7:53  Drone x2  
  93  7:54  Baneling  
  93  7:58  Zergling x2, Overlord  
  95  7:59  Zergling x4  
  95  8:05  Zergling x12  
  104  8:08  Spore Crawler  
  104  8:09  Queen  
  104  8:10  Overlord  
  104  8:15  Zergling x8  
  104  8:16  Zergling x2  
  109  8:21  Overlord  
  109  8:25  Drone x3  
  103  8:33  Drone x6  
  103  8:37  Drone x2  
  103  8:38  Overlord  
  103  8:39  Drone x2  
  106  8:42  Baneling x2  
  106  8:44  Zergling x2  
  100  8:51  Baneling x3  
  100  8:52  Baneling x2  
  100  8:53  Zergling x4  
  102  8:57  Zergling x4  
  102  8:58  Zergling x2  
  105  9:04  Queen  
  107  9:10  Drone  
  107  9:11  Drone x2  
  107  9:12  Drone x3  
  107  9:14  Zergling x8  
  107  9:15  Zergling x4  
  113  9:27  Zergling x10  
  113  9:30  Drone x2  
  113  9:31  Drone x2  
  122  9:33  Baneling x4  
  121  9:42  Zergling x22  
  121  9:44  Zergling x12  
  122  9:56  Zergling x6  
  122  9:57  Zergling x4  
  122  9:58  Zerg Ground Armor Level 2  
  119  10:06  Overlord  
  119  10:07  Overseer  
  118  10:08  Drone  
  118  10:09  Extractor, Drone x3  
  118  10:10  Drone  
  121  10:14  Extractor  
  121  10:15  Drone x3  
  121  10:17  Zergling x12  
  121  10:20  Overlord  
  129  10:27  Zergling x6  
  125  10:30  Spore Crawler  
  125  10:33  Evolution Chamber, Hydralisk Den  
  125  10:34  Drone  
  123  10:36  Extractor, Drone x3  
  123  10:38  Extractor  
  123  10:41  Drone x3  
  127  10:44  Zergling x14  
  127  10:45  Zergling x10  
  139  10:50  Zergling x2, Overlord  
  139  10:51  Zergling x2  
  139  10:55  Overlord  
  141  10:59  Zergling x6  
  141  11:02  Drone  
  141  11:03  Drone x2  
  142  11:05  Drone x2  
  142  11:06  Drone  
  142  11:09  Overlord  
  142  11:10  Baneling x7  
  145  11:13  Overlord  
  145  11:14  Pneumatized Carapace  
  137  11:20  Zergling x12  
  137  11:24  Zergling x2  
  137  11:25  Zergling x4  
  133  11:28  Muscular Augments  
  133  11:29  Hydralisk x4  
  141  11:37  Drone x4  
  131  11:40  Spore Crawler  
  131  11:42  Hydralisk x4  
  138  11:50  Hydralisk x4  
  146  11:55  Hydralisk x2  
  146  11:56  Zergling x2  
  146  11:59  Baneling x4  
  146  12:02  Zergling x8  
  146  12:08  Zergling x12  
  153  12:11  Zergling x6  
  159  12:17  Zergling x2  
  159  12:18  Zergling x4  
  160  12:25  Spore Crawler  
  160  12:26  Drone x2  
  161  12:31  Zergling x8  
  161  12:33  Zergling x6  
  168  12:37  Hatchery  
  168  12:38  Baneling x4  
  167  12:49  Spore Crawler, Zergling x14  
  173  12:56  Baneling x6  
  173  13:00  Zergling x16  
  179  13:10  Zergling x22  
  182  13:14  Baneling x5  
  182  13:20  Infestation Pit, Drone x4  
  182  13:21  Drone  
  182  13:24  Drone  
  182  13:25  Drone x2  
  186  13:31  Baneling x7  
  186  13:32  Baneling x6  
  186  13:34  Hydralisk x2  
  186  13:40  Hydralisk  
  186  13:41  Hydralisk x2  
  144  13:58  Zergling x22  
  144  14:00  Zergling x2  
  144  14:01  Zergling x8  
  155  14:05  Zergling x2  
  155  14:06  Zergling x6  
  158  14:11  Baneling  
  158  14:12  Baneling x3  
Show
View Real Time Build Order
Export as new Build Order

ByuN Terran 

Build Orders:  

Get SALT Encoding   

  12  0:01  SCV  
  13  0:13  SCV  
  14  0:18  Supply Depot  
  14  0:25  SCV  
  15  0:39  SCV  
  15  0:41  Barracks  
  16  0:44  Refinery  
  16  0:51  SCV  
  17  0:59  Barracks  
  17  1:04  SCV  
  18  1:16  SCV  
  19  1:21  Barracks  
  19  1:28  Reaper  
  21  1:38  Orbital Command  
  20  1:44  Refinery  
  20  1:48  Reaper  
  21  1:57  Supply Depot  
  21  2:03  Reaper  
  21  2:05  SCV  
  23  2:18  SCV, Reaper  
  25  2:26  Reaper  
  25  2:28  Supply Depot  
  26  2:30  SCV  
  26  2:35  Reaper  
  28  2:42  SCV  
  29  2:50  Reaper  
  30  2:54  SCV  
  31  3:03  Command Center  
  31  3:07  SCV  
  32  3:15  Reaper  
  32  3:17  Reaper  
  32  3:19  SCV  
  35  3:25  Factory  
  35  3:29  Supply Depot  
  35  3:31  SCV  
  36  3:34  Reaper  
  37  3:43  SCV  
  37  3:48  Refinery  
  38  3:54  Reaper  
  39  3:58  Refinery  
  39  4:00  SCV  
  40  4:10  Supply Depot  
  40  4:13  SCV  
  40  4:14  Starport  
  38  4:19  Orbital Command  
  38  4:23  Factory Reactor  
  38  4:25  SCV  
  38  4:28  Reaper  
  38  4:30  Reaper  
  41  4:32  Reaper  
  41  4:37  SCV  
  43  4:49  SCV  
  43  4:50  SCV  
  45  5:00  Reaper  
  45  5:01  SCV  
  45  5:02  SCV  
  45  5:04  Factory Reactor, Medivac x2  
  52  5:12  Supply Depot  
  52  5:13  SCV  
  52  5:14  SCV  
  54  5:17  Liberator  
  54  5:19  Marine x2  
  56  5:23  Armory  
  56  5:26  SCV x2  
  58  5:32  Marine  
  58  5:35  Supply Depot  
  62  5:38  SCV x2  
  62  5:39  Marine x2  
  66  5:44  Hellion, Liberator  
  66  5:47  Hellion  
  70  5:50  Supply Depot  
  70  6:02  SCV  
  70  6:03  SCV  
  75  6:08  Hellion, Marine  
  78  6:12  Hellion, Liberator  
  78  6:17  SCV x2  
  79  6:29  SCV x2  
  79  6:31  Barracks Reactor  
  79  6:32  Barracks Reactor  
  84  6:35  Barracks Tech Lab  
  84  6:43  Hellion  
  86  6:50  Engineering Bay x2  
  86  7:04  SCV x2  
  86  7:06  Hellion  
  76  7:16  SCV x2  
  70  7:23  Marine x2  
  70  7:24  Marine  
  70  7:28  SCV  
  70  7:29  SCV  
  64  7:31  Stimpack  
  64  7:41  SCV x2  
  64  7:44  Hellion x2  
  70  7:46  Terran Infantry Weapons Level 1  
  70  7:49  Terran Infantry Armor Level 1  
  70  7:54  Marine x3  
  70  7:55  Marine x2  
  75  8:03  SCV x2  
  75  8:04  Medivac x2  
  81  8:12  Marine, Supply Depot  
  82  8:15  Marine x2  
  82  8:16  Marine x2  
  82  8:18  Widow Mine x2  
  86  8:34  Medivac x2  
  86  8:35  SCV x2, Marine x2  
  86  8:37  Marine x2  
  93  8:50  Marine  
  93  8:53  Marine x2  
  93  8:55  Marine x2  
  98  9:06  Widow Mine  
  102  9:11  Widow Mine  
  102  9:13  Marine x2  
  102  9:14  Supply Depot  
  102  9:15  Supply Depot  
  102  9:16  Marine x3  
  107  9:21  SCV x2  
  109  9:31  Marine x2  
  107  9:34  Marine, Combat Shields  
  107  9:35  Widow Mine  
  106  9:40  Widow Mine  
  106  9:41  Marine x2  
  96  9:49  Marine x2  
  96  9:52  Marine  
  87  9:58  Terran Infantry Weapons Level 2  
  87  9:59  Marine x2  
  88  10:04  Widow Mine  
  88  10:06  Marine x2  
  91  10:11  Marine  
  93  10:17  Marine x2  
  93  10:20  Command Center  
  95  10:23  Widow Mine  
  95  10:24  Marine  
  95  10:27  Marine  
  99  10:29  Marine  
  99  10:32  Widow Mine  
  99  10:34  Marine  
  99  10:35  Marine  
  104  10:42  Marine  
  105  10:49  Marine, Barracks  
  102  10:50  Marine  
  102  10:51  Barracks, Widow Mine  
  102  10:52  Marine x2  
  102  10:54  Liberator  
  108  11:00  Marine  
  108  11:01  Liberator  
  109  11:07  Marine x2, Widow Mine  
  109  11:10  Marine x2  
  113  11:18  Marine  
  117  11:20  Widow Mine, Supply Depot  
  117  11:22  Supply Depot  
  117  11:25  Marine x2  
  109  11:28  Marine  
  112  11:38  Marine x2  
  113  11:43  Barracks Reactor, Marine  
  113  11:44  Barracks Reactor  
  102  12:02  Marine x2  
  100  12:08  Factory Tech Lab  
  100  12:12  Marine x3  
  103  12:17  Orbital Command  
  103  12:20  Marine x2  
  105  12:27  Siege Tank  
  108  12:30  Marine x2  
  108  12:33  Marine x2  
  108  12:34  Marine x2  
  108  12:35  Marine  
  115  12:37  Supply Depot  
  115  12:38  Marine x2  
  117  12:48  Marine x2  
  119  12:51  Marine x4  
  119  12:52  Marine  
  119  12:54  Factory  
  124  12:59  Siege Tank  
  115  13:07  Marine x3  
  115  13:08  Marine  
  115  13:09  Marine x3  
  115  13:14  Marine x2  
  115  13:16  SCV x2  
  115  13:17  SCV  
  115  13:19  Medivac x2  
  124  13:20  Refinery  
  124  13:22  Refinery  
  124  13:24  Supply Depot  
  122  13:29  Marine x2  
  122  13:30  Marine x4  
  122  13:31  Siege Tank  
  127  13:43  Factory Tech Lab  
  127  13:44  Marine x3  
  127  13:47  Marine  
  127  13:51  Marine  
  127  13:53  Marine x3  
  127  13:54  Marine  
  93  13:58  SCV  
  76  14:03  Marine  
  76  14:09  Marine  
  78  14:14  SCV  
Tags
 
Add a new tag
Caveats
  • Supply blocks, unpowered buildings, or Contaminate may cause inaccurate times.
  • Supply counts are checked every 10 seconds.